 Dungeon Crawl Stone Soup version 0.22-a0-159-g7ce444f (webtiles) character file.

173 RuleOfThree the Skirmisher (level 5, -3/41 HPs)
             Began as a Demonspawn Warper on Feb 9, 2018.
             Slain by an orc warrior
             ... wielding a +0 scimitar
              (23 damage)
             ... on level 3 of the Dungeon.
             The game lasted 00:08:48 (4086 turns).

RuleOfThree the Skirmisher (Demonspawn Warper)      Turns: 4086, Time: 00:08:48

Health: -3/41      AC:  6    Str: 11    XL:     5   Next: 28%
Magic:  8/8        EV:  6    Int: 16    God:
Gold:   125        SH:  7    Dex: 12    Spells: 0/8 levels left

rFire    . . .     SeeInvis .     - Unarmed
rCold    . . .     Gourm    .   l - +0 shield (curse)
rNeg     . . .     Faith    .   m - +0 scale mail
rPois    .         Spirit   .   (no helmet)
rElec    .         Reflect  .   (no cloak)
rCorr    .         Harm     .   (no gloves)
MR       +....                  (no boots)
Stlth    ..........             (no amulet)
HPRegen  0.13/turn              j - ring of protection from magic
MPRegen  0.11/turn              (no ring)

@: no status effects
A: hooves 1, demonic guardian 1
a: no special abilities


You were on level 3 of the Dungeon.
You were not hungry.

You visited 1 branch of the dungeon, and saw 3 of its levels.

You collected 125 gold pieces.

Inventory:

Armour
 l - a cursed +0 shield (worn)
 m - a +0 scale mail (worn)
Jewellery
 j - a ring of protection from magic (left hand)
Scrolls
 a - a scroll of magic mapping {unknown}
 c - a scroll of blinking
 e - 2 scrolls of enchant armour
 n - a scroll of noise {unknown}
Potions
 g - 4 potions of flight
 i - 2 potions of agility
 k - a potion of curing
 o - a potion of mutation {unknown}
Books
 b - a book of Spatial Translocations

   Spells                             Type                      Level
   a - Blink                          Translocation                2
   b - Shroud of Golubria             Charms/Translocation         2
   c - Lesser Beckoning               Translocation                3
   d - Gell's Gravitas                Translocation                3
   e - Teleport Other                 Translocation                3
   f - Passage of Golubria            Translocation                4
Comestibles
 f - 5 rations
 h - 2 chunks of flesh


   Skills:
 * Level 3.6 Fighting
 - Level 0.8 Throwing
 + Level 1.8 Armour
 - Level 2.0 Dodging
 + Level 0.7 Shields
 * Level 3.1 Unarmed Combat
 - Level 2.1 Spellcasting
 - Level 3.0 Translocations


You couldn't memorise any spells.
You knew the following spells:

 Your Spells              Type           Power        Failure   Level  Hunger
a - Blink                 Tloc           N/A          98%         2    ###....
b - Gell's Gravitas       Tloc           ##........   100%        3    ###....
c - Lesser Beckoning      Tloc           ##........   100%        3    ###....


Dungeon Overview and Level Annotations

Branches:
Dungeon (3/15)

Altars:
Ashenzari
Gozag


Innate Abilities, Weirdness & Mutations

You have large cloven feet.
A weak demonic guardian rushes to your aid.


Message History

You barely miss the orc warrior.
The orc warrior is moderately wounded.
You block the orc warrior's attack.
You closely miss the orc warrior.
The orc warrior is moderately wounded.
You closely miss the orc warrior.
The orc warrior is moderately wounded.
You block the orc warrior's attack.
Your iron imp hits the orc warrior but does no damage.
Your iron imp hits the orc warrior.
You completely miss the orc warrior. You kick the orc warrior.
The orc warrior is heavily wounded.
The orc warrior closely misses you.
Your iron imp hits the orc warrior but does no damage.
You hit the orc warrior. Your kick misses the orc warrior.
The orc warrior is heavily wounded.
The orc hits your iron imp with a dagger.
The orc warrior hits you with a scimitar!!
Ouch! That really hurt!
You die...

###..#..........#
#..####.#######
#..####.#
#.).....#######
##.#####......#
#.....o# #......#
#...o..# #..o5..#
#...)..# #...o..#
#......# #....@.#
#......# #......##
####.###
#......รท# #.
########.#
#.......>#
###.#####..##
.......#...###.#
#. #.##..........#
#..#.........#####


You could see an orc warrior, an orc and a friendly iron imp.

Vanquished Creatures
  An orc priest (D:3)
  2 adders
  2 oozes (D:1)
  A dart slug (D:1)
  2 worms
  5 leopard geckos
  7 orcs (D:3)
  A ball python (D:2)
  4 giant cockroaches
  8 goblins
  10 hobgoblins
  A jackal (D:2)
  7 kobolds
  4 quokkas
  7 bats
  4 frilled lizards
  A leopard gecko skeleton (D:3)
  4 rats
71 creatures vanquished.

Vanquished Creatures (collateral kills)
  Jessica (D:3)
  An orc wizard (D:3)
  2 orcs (D:3)
  2 hobgoblins (D:3)
6 creatures vanquished.

Grand Total: 77 creatures vanquished

Notes
Turn   | Place    | Note
-------+----------+-------------------------------------------
     0 | D:1      | RuleOfThree the Demonspawn Warper began the quest for the Orb.
     0 | D:1      | Reached XP level 1. HP: 16/16 MP: 3/3
     2 | D:1      | Noticed an elf
     2 | D:1      | Noticed a halfling
     4 | D:1      | Noticed a draconian
     4 | D:1      | Noticed a felid
     6 | D:1      | Noticed a merfolk
     6 | D:1      | Noticed an ogre
     8 | D:1      | Noticed a minotaur
    10 | D:1      | Noticed an octopode
    10 | D:1      | Noticed a centaur
    12 | D:1      | Noticed a naga
    12 | D:1      | Noticed a troll
    14 | D:1      | Noticed a dwarf
    14 | D:1      | Noticed a vine stalker
    16 | D:1      | Noticed a formicid
    16 | D:1      | Noticed a demigod
    18 | D:1      | Noticed a demonspawn
    18 | D:1      | Noticed a vampire
    20 | D:1      | Noticed a tengu
    22 | D:1      | Noticed a spriggan
    24 | D:1      | Noticed a ghoul
    26 | D:1      | Noticed a gargoyle
    26 | D:1      | Noticed a human
   457 | D:1      | Gained mutation: A weak demonic guardian rushes to your aid. [demonic ancestry]
   457 | D:1      | Reached XP level 2. HP: 16/22 MP: 5/5
   461 | D:1      | Learned a level 2 spell: Blink
   515 | D:1      | Reached skill level 1 in Armour
   831 | D:1      | Found a shattered altar of Ashenzari.
   861 | D:1      | Reached XP level 3. HP: 26/28 MP: 6/6
  2442 | D:2      | Gained mutation: You have large cloven feet. [demonic ancestry]
  2442 | D:2      | Reached XP level 4. HP: 35/35 MP: 7/7
  3035 | D:3      | Found an opulent altar of Gozag.
  3164 | D:3      | Noticed Jessica
  3193 | D:3      | Killed Jessica
  3843 | D:3      | Reached XP level 5. HP: 41/41 MP: 8/8
  3871 | D:3      | Learned a level 3 spell: Gell's Gravitas
  3875 | D:3      | Learned a level 3 spell: Lesser Beckoning
  4044 | D:3      | Noticed an orc warrior
  4086 | D:3      | Slain by an orc warrior

Vault maps used:
D:1:      kb_arrival_jail, ashenzari_altar_1
D:2:      minmay_pentomino_x4
D:3:      first_ration, kennysheep_flooded_box, uniq_jessica

Skill      XL: |  1  2  3  4 |
---------------+-------------+-----
Unarmed Combat | 2 3 |  3.1
Dodging        | 2 |  2.0
Armour         | 1 |  1.8
Translocations | 3 |  3.0
Fighting       | 3 |  3.6
Throwing       | |  0.8
Shields        | |  0.7
Spellcasting   | |  2.1

Action                   |  1- 3 |  4- 6 || total
-------------------------+-------+-------++-------
Melee: Unarmed           |   215 |   141 ||   356
       Punch             |     4 |       ||     4
       Kick              |       |    27 ||    27
Throw: Tomahawk          |     1 |     4 ||     5
  Use: Scroll            |     3 |     3 ||     6
  Eat: Chunk             |     5 |     5 ||    10
Armor: Leather armour    |    54 |     3 ||    57
       Scale mail        |       |    61 ||    61
Dodge: Dodged            |   124 |    34 ||   158
Block: Shield            |     3 |    43 ||    46

Table legend:
 A = Spawn XP
 B = Non-spawn XP
 C = Spawn XP percentage of total XP
 D = Spawn monster count
 E = Non-spawn monster count
 F = Spawn count percentage of total count
 G = Total turns spent on level
                    A         B        C        D         E        F      G
               +---------+---------+-------+---------+---------+-------+---------
         Total |       0 |     248 |   0.0 |       0 |      77 |   0.0 |  4086
               +---------+---------+-------+---------+---------+-------+---------
           D:1 |       0 |      49 |   0.0 |       0 |      21 |   0.0 |  1686
           D:2 |       0 |      54 |   0.0 |       0 |      24 |   0.0 |  1293
           D:3 |       0 |     145 |   0.0 |       0 |      32 |   0.0 |  1107
               +---------+---------+-------+---------+---------+-------+---------
